 Dungeon Crawl Stone Soup version 0.29-a0-517-gbdf32494f2 (webtiles) character file.

Game seed: 12591631706586545662

36 pokeman the Magician (level 3, 0/20 HPs)
             Began as a Deep Elf Hedge Wizard on May 30, 2022.
             Slain by Natasha (4 damage)
             ... on level 2 of the Dungeon.
             The game lasted 00:01:59 (1866 turns).

pokeman the Magician (Deep Elf Hedge Wizard)        Turns: 1866, Time: 00:01:59

Health: 0/20       AC:  3    Str:  7    XL:     3   Next: 19%
Magic:  1/11       EV: 11    Int: 20    God:
Gold:   62         SH:  0    Dex: 14    Spells: 1/12 levels left

rFire   + . .      SeeInvis .   a - +0 dagger
rCold   x . .      Faith    .   (no shield)
rNeg    . . .      Spirit   .   e - +0 leather armour
rPois   .          Reflect  .   c - +0 hat
rElec   .          Harm     .   (no cloak)
rCorr   .          Rampage  .   (no gloves)
Will    .....                   (no boots)
Stlth   ++........              (no amulet)
HPRegen 0.06/turn               f - ring of fire
MPRegen 0.12/turn               (no ring)

@: very slightly contaminated, slowed, very slow
A: no striking features
a: no special abilities


You were on level 2 of the Dungeon.
You visited 1 branch of the dungeon, and saw 2 of its levels.

You collected 62 gold pieces.

Inventory:

Hand Weapons
 a - a +0 dagger (weapon)
Armour
 c - a +0 hat (worn)
 e - a +0 leather armour (worn)
Jewellery
 f - a ring of fire (left hand)
Scrolls
 b - a scroll of magic mapping {unknown}
 g - a scroll of identify {unknown}
 h - a scroll of summoning {unknown}
 i - a scroll of noise {unknown}
 j - a scroll of teleportation {unknown}
Potions
 d - a potion of magic
 k - a potion of heal wounds {unknown}


   Skills:
 + Level 0.8 Fighting
 + Level 0.8 Armour
 - Level 2.4 Dodging
 - Level 2.4 Stealth
 * Level 5.1 Spellcasting
 + Level 1.7 Conjurations
 - Level 1.1 Summonings
 - Level 1.1 Translocations


You had one spell level left.
You knew the following spells:

 Your Spells              Type           Power      Damage    Failure   Level
a - Magic Dart            Conj           48%        1d5       9%          1
b - Mephitic Cloud        Conj/Pois/Air  7%         N/A       36%         3
c - Call Imp              Summ           9%         N/A       16%         2
d - Blink                 Tloc           18%        N/A       16%         2
e - Conjure Flame         Conj/Fire      13%        6-21      34%         3

Your spell library contained the following spells:

 Spells                   Type           Power      Damage    Failure   Level
 Slow                     Hex            20%        N/A       17%         1
 Summon Guardian Golem    Hex/Summ       7%         N/A       36%         3
 Orb of Destruction       Conj           6%         9d6       100%        7
 Spellforged Servitor     Conj/Summ      5%         N/A       100%        7


Dungeon Overview and Level Annotations

Branches:
Dungeon (2/15)

Altars:

Annotations:
D:2 Natasha


Message History

You miscast Mephitic Cloud.
Nothing appears to happen.
Natasha claws you.
Unknown command.
Casting: Mephitic Cloud (potentially lethal; 36% risk of failure)
Confirm with . or Enter, or press ? or * to list all spells.
The spell is potentially lethal to miscast (36% risk of failure)!
Continue anyway?
Aiming: Mephitic Cloud (potentially lethal; 36% risk of failure)
Press: ? - help, Shift-Dir - straight line, f/p - Natasha
Aim: Natasha (moderately wounded, chance to affect: 86%) That beam is likely to hit you.
Continue anyway?
You miscast Mephitic Cloud.
Nothing appears to happen.
Natasha claws you.
Casting: Mephitic Cloud (potentially lethal; 36% risk of failure)
Confirm with . or Enter, or press ? or * to list all spells.
Okay, then.
Unknown command.
Natasha attacks as you move away! Natasha claws you.
* * * LOW HITPOINT WARNING * * *
You see here an adder corpse.
Natasha attacks as you move away! Natasha claws you.
* * * LOW HITPOINT WARNING * * *
Casting: Mephitic Cloud (potentially lethal; 36% risk of failure)
Confirm with . or Enter, or press ? or * to list all spells.
A shadowy apparition takes form in the air.
Natasha barely misses you. Natasha attacks as you move away!
Natasha claws you but does no damage. Natasha barely misses you.
Natasha attacks as you move away! Natasha misses you.
Your shadow imp barely misses Natasha.
Natasha attacks as you move away! Natasha closely misses you.
Natasha casts a spell at you.
You feel yourself slow down.
You hit Natasha but do no damage.
Natasha is moderately wounded.
Natasha casts a spell at you. You resist with some effort.
Unknown command.
You hit Natasha.
Natasha is heavily wounded.
Natasha closely misses you.
Your shadow imp closely misses Natasha.
Your shadow imp misses Natasha.
Natasha claws you.
You die...

#?#รท.......#####
##..###### #.##..###
#.......#####
####........#
#.##.###.# #.##5# #.#
#.##h# #.# #.##@###.#
### #.#......#
##.###.#..#####
###### #......#>.#
.....# #......#..#
####.#
#...##.#..##### #.#
##.###.........#
##.####.####.........
#..............####.#


You could see Natasha (ally target) and a friendly shadow imp (summoned).

Vanquished Creatures
  An adder (D:2)
  A dart slug (D:1)
  An orc (D:2)
  3 endoplasms
  A goblin (D:1)
  2 hobgoblins (D:1)
  2 jackals (D:2)
  2 quokkas (D:1)
  4 ball pythons
  2 bats
  3 frilled lizards
  A rat (D:1)
23 creatures vanquished.

Vanquished Creatures (others)
  8 plants (D:2)
8 creatures vanquished.

Grand Total: 31 creatures vanquished

Notes
Turn   | Place    | Note
-------+----------+-------------------------------------------
     0 | D:1      | pokeman the Deep Elf Hedge Wizard began the quest for the
                  | Orb.
     0 | D:1      | Reached XP level 1. HP: 10/10 MP: 7/7
   469 | D:1      | Found a faded altar of an unknown god.
   774 | D:1      | Reached XP level 2. HP: 16/16 MP: 4/9
  1409 | D:2      | Reached skill level 5 in Spellcasting
  1661 | D:2      | Reached XP level 3. HP: 12/20 MP: 5/11
  1665 | D:2      | Learned a level 3 spell: Mephitic Cloud
  1668 | D:2      | Learned a level 2 spell: Call Imp
  1671 | D:2      | Learned a level 2 spell: Blink
  1675 | D:2      | Learned a level 3 spell: Conjure Flame
  1847 | D:2      | Noticed Natasha
  1866 | D:2      | Slain by Natasha

Illustrated notes

Levels and vault maps discovered:
D:1:      onia_arrival_mini_spirals, layout_basic, basic_ecumenical_altar
D:2:      layout_loops_ring, serial_forest, infiniplex_forest_clump_curved,
          infiniplex_forest_end_3, infiniplex_forest_clump_small,
          infiniplex_forest_clump_medium, infiniplex_forest_lined_corner,
          infiniplex_forest_straight_1, infiniplex_forest_clump_double,
          infiniplex_forest_clump_small, infiniplex_forest_clump_curved,
          serial_shops, shop, minmay_tree_intersection, minmay_pentomino_s4,
          uniq_natasha

Skill      XL: |  1  2 |
---------------+-------+-----
Spellcasting   | 5 |  5.1
Fighting       | |  0.8
Armour         | |  0.8
Dodging        | |  2.4
Stealth        | |  2.4
Conjurations   | |  1.7
Summonings     | |  1.1
Translocations | |  1.1

Action                   || total
-------------------------++-------
Melee: Dagger            ||     2
 Cast: Magic Dart        ||    75
       Call Imp          ||     1
Armor: Leather armour    ||     2
Dodge: Dodged            ||    13

Table legend: (Time is in decaauts)
 A = Elapsed time spent in this place.
 B = Non-inter-level travel time spent in this place.
 C = Inter-level travel time spent in this place.
 D = Time resting spent in this place.
 E = Time spent auto-exploring this place.
 F = Levels seen in this place.
 G = Mean time per level.
                   A        B        C        D        E       F      G
               +--------+--------+--------+--------+--------+-----+--------+
         Total |   1865 |   1856 |      9 |    255 |   1426 |   2 |  932.5 |
       Dungeon |   1865 |   1856 |      9 |    255 |   1426 |   2 |  932.5 |
               +--------+--------+--------+--------+--------+-----+--------+

Top non-repeatable levels by time:
     D:1: 1366 daAuts
     D:2: 499 daAuts
